 Dungeon Crawl Stone Soup version 0.24.0-2-g5b39cebb1c (webtiles) character file.

Game seed: 9915169468341780718, levelgen mode: deterministic

113 Aviak the Chopper (level 4, 0/41 HPs)
             Began as a Hill Orc Monk on Oct 29, 2019.
             Killed from afar by an orc wizard (8 damage)
             ... with a magic dart
             ... on level 3 of the Dungeon.
             The game lasted 00:03:38 (2511 turns).

Aviak the Chopper (Hill Orc Monk)                   Turns: 2511, Time: 00:03:38

Health: 0/41       AC:  6    Str: 14    XL:     4   Next: 96%
Magic:  13/13      EV:  9    Int: 10    God:
Gold:   187        SH:  5    Dex: 13    Spells: 3/3 levels left

rFire    . . .     SeeInvis .   a - +0 hand axe
rCold    . . .     Gourm    .   p - +2 buckler {rN+}
rNeg     + . .     Faith    .   o - +0 scale mail (curse)
rPois    .         Spirit   .   (no helmet)
rElec    .         Reflect  .   (no cloak)
rCorr    .         Harm     .   (no gloves)
MR       .....                  (no boots)
Stlth    ..........             (no amulet)
HPRegen  0.13/turn              e - ring of magical power
MPRegen  0.13/turn              (no ring)

@: no status effects
A: no striking features
a: no special abilities


You were on level 3 of the Dungeon.
You were not hungry.

You visited 1 branch of the dungeon, and saw 3 of its levels.

You collected 187 gold pieces.

Inventory:

Hand Weapons
 a - a +0 hand axe (weapon)
Armour
 b - a +0 robe
 o - a cursed +0 scale mail (worn)
 p - a +2 buckler of positive energy (worn)
Jewellery
 e - a ring of magical power (left hand)
Scrolls
 g - 5 scrolls of fog {unknown}
 i - 2 scrolls of teleportation {unknown}
 j - 2 scrolls of fear {unknown}
 k - 2 scrolls of blinking {unknown}
 l - a scroll of identify {unknown}
 q - a scroll of enchant armour {unknown}
 s - a scroll of noise {unknown}
 u - a scroll of enchant weapon {unknown}
 v - a scroll of remove curse {unknown}
Potions
 c - 2 potions of curing
 d - 2 potions of flight {unknown}
 f - a potion of might {unknown}
 h - a potion of heal wounds {unknown}
 m - a potion of agility {unknown}
 n - a potion of brilliance {unknown}
Comestibles
 r - 2 rations


   Skills:
 + Level 4.8 Fighting
 + Level 5.2 Axes
 + Level 3.3 Dodging
 - Level 1.5 Stealth


You had 3 spell levels left.
You didn't know any spells.
Your spell library was empty.

Dungeon Overview and Level Annotations

Branches:
Dungeon (3/15)

Altars:


Message History

The orc wizard hits you with a +0 dagger.
* * * LOW HITPOINT WARNING * * *
There is a stone staircase leading up, spattered with blood here.
You see here a poisoned dart.
You hit the orc wizard.
The orc wizard is heavily wounded.
You block the orc wizard's attack.
You slash the orc wizard!
The orc wizard is almost dead.
The orc wizard hits you with a +0 dagger.
* * * LOW HITPOINT WARNING * * *
You hit the orc wizard but do no damage.
The orc wizard is almost dead.
The orc wizard hits you with a +0 dagger.
* * * LOW HITPOINT WARNING * * *
You closely miss the orc wizard.
The orc wizard is almost dead.
The orc wizard points at you and mumbles some strange words.
The magic dart hits you!
You die...

......##.##.. #... ##.#
.#....#.....##..# .........
#.#............##.....>.....
._.#................ .......
#.#..........#####.# .....
.#...........####..# ....
..............##$.# ..#
....#.†.......##)####.#
....#.........##@#.)..#.
...........((.#÷.o)#......#
#####.........).........#.#
#.....##†.....#.#.#...#
#......(..........#...###
#................##..##
#...........#.......#...
.........................
............#..........


You could see an orc wizard.

Vanquished Creatures
  3 adders (D:2)
  3 worms (D:2)
  3 dart slugs (D:2)
  2 leopard geckos
  3 orcs
  2 giant cockroaches
  10 hobgoblins
  2 jackals (D:1)
  13 kobolds
  A quokka (D:2)
  12 bats
  5 frilled lizards
  3 goblins
  3 rats
65 creatures vanquished.

Notes
Turn   | Place    | Note
-------+----------+-------------------------------------------
     0 | D:1      | Aviak the Hill Orc Monk began the quest for the Orb.
     0 | D:1      | Reached XP level 1. HP: 19/19 MP: 1/1
   200 | D:1      | Reached XP level 2. HP: 19/27 MP: 2/2
   684 | D:1      | Reached XP level 3. HP: 30/33 MP: 3/3
  1363 | D:2      | Reached XP level 4. HP: 41/41 MP: 4/4
  1683 | D:2      | Reached skill level 5 in Axes
  2454 | D:3      | Found a faded altar of an unknown god.
  2511 | D:3      | Killed from afar by an orc wizard

Levels and vault maps discovered:
D:1:      minmay_arrival_cross, layout_basic, serial_bayou_crossing
D:2:      layout_basic, minmay_misc_feat_columns, minmay_stone_trees_medium
D:3:      layout_rooms, chequers_ecumenical_altar_simple_redux

Skill      XL: |  1  2  3  4 |
---------------+-------------+-----
Fighting       | 4 |  4.8
Dodging        | 3 |  3.3
Axes           | 5 |  5.2
Stealth        | |  1.5

Action                   |  1- 3 |  4- 6 || total
-------------------------+-------+-------++-------
Melee: Hand axe          |   121 |   202 ||   323
  Use: Potion            |     1 |       ||     1
 Stab: Sleeping          |     6 |     1 ||     7
  Eat: Chunk             |     1 |     2 ||     3
       Ration            |       |     1 ||     1
Armor: Robe              |    25 |    18 ||    43
       Scale mail        |       |    63 ||    63
Dodge: Dodged            |    88 |   143 ||   231
Block: Buckler           |       |    28 ||    28
